 Dungeon Crawl Stone Soup version 0.24-a0-584-g9d6b971ae4 (webtiles) character file.

Game seed: 938984720957266671, levelgen mode: deterministic

23 BigAxe the Ducker (level 2, 29/29 HPs)
             Began as a Troll Fighter on Sept 6, 2019.
             Quit the game on level 1 of the Dungeon.
             The game lasted 00:00:53 (323 turns).

BigAxe the Ducker (Troll Fighter)                    Turns: 323, Time: 00:00:54

Health: 29/29      AC:  6    Str: 23    XL:     2   Next: 75%
Magic:  1/1        EV:  8    Int:  4    God:
Gold:   18         SH:  8    Dex:  9    Spells: 1/1 levels left

rFire    . . .     SeeInvis .   a - +0 flail
rCold    . . .     Gourm    +   c - +0 shield
rNeg     . . .     Faith    .   b - +0 robe
rPois    .         Spirit   .   (helmet restricted)
rElec    .         Reflect  .   (no cloak)
rCorr    .         Harm     .   (gloves unavailable)
MR       .....                  (boots unavailable)
Stlth    +.........             (no amulet)
HPRegen  0.49/turn              (no ring)
MPRegen  0.07/turn              (no ring)

@: no status effects
A: large, unfitting armour, claws 3, fast metabolism 3, gourmand, regeneration
1, shaggy fur 1, tough skin 3
a: no special abilities


You were on level 1 of the Dungeon.
You were not hungry.

You visited 1 branch of the dungeon, and saw 1 of its levels.

You collected 18 gold pieces.

Inventory:

Hand Weapons
 a - a +0 flail (weapon)
Armour
 b - a +0 robe (worn)
 c - a +0 shield (worn)
Scrolls
 e - a scroll of enchant armour {unknown}
Potions
 d - a potion of might
Comestibles
 f - 2 rations


   Skills:
 + Level 2.6 Fighting
 + Level 2.0 Maces & Flails
 + Level 2.7 Dodging
 + Level 2.7 Shields


You had one spell level left.
You didn't know any spells.
Your spell library was empty.

Dungeon Overview and Level Annotations

Branches:
Dungeon (1/15)

Altars:


Innate Abilities, Weirdness & Mutations

You are too large for most types of armour.
You have claws for hands.
Your metabolism is lightning-fast.
You like to eat raw meat.
Your natural rate of healing is unusually fast.
You are covered in fur. (AC +1)
You have extremely tough skin. (AC +3)


Message History

The hobgoblin hits you but does no damage.
You hit the hobgoblin.
The hobgoblin is almost dead.
You block the hobgoblin's attack.
You hit the hobgoblin but do no damage.
The hobgoblin is almost dead.
The hobgoblin hits you but does no damage.
You sock the hobgoblin!
You kill the hobgoblin!
The giant cockroach barely misses you.
You closely miss the giant cockroach.
The giant cockroach bites you but does no damage.
The giant cockroach barely misses you.
You hit the giant cockroach.
You kill the giant cockroach!
Things that are here:
a +0 short sword; a hobgoblin corpse; a kobold corpse Sorry, you're not good enough to have a special ability.
Found a dagger.
Are you sure you want to abandon this character and quit the game? (Confirm with "yes".)

#. #. #. #. #. #.###
.# ######.#.#####.#.
# .......@..........
)##.##.#.#####.#.###
#.#.#####.#...
#.#.##......#
#.#.##.##.#.#####
#.#..............
#.####.#....######
#. #.#..........
#.#..#.######


There were no monsters in sight!

Vanquished Creatures
  2 leopard geckos (D:1)
  A giant cockroach (D:1)
  2 goblins (D:1)
  A hobgoblin (D:1)
  8 jackals (D:1)
  A bat (D:1)
  2 frilled lizards (D:1)
  A kobold (D:1)
18 creatures vanquished.

Notes
Turn   | Place    | Note
-------+----------+-------------------------------------------
     0 | D:1      | BigAxe the Troll Fighter began the quest for the Orb.
     0 | D:1      | Reached XP level 1. HP: 22/22 MP: 0/0
    48 | D:1      | Reached XP level 2. HP: 29/29 MP: 1/1
   323 | D:1      | Quit the game

Levels and vault maps discovered:
D:1:      minmay_arrival_glassed_features, layout_basic,
          chequers_serial_rivers_room_b

Skill      XL: |  1  2 |
---------------+-------+-----
Maces & Flails | 2 |  2.0
Fighting       | |  2.6
Dodging        | |  2.7
Shields        | |  2.7

Action                   || total
-------------------------++-------
Melee: Flail             ||    75
Armor: Robe              ||    35
Dodge: Dodged            ||    28
Block: Shield            ||    30

Table legend:
 A = Non-vault XP
 B = Vault XP
 C = Vault XP percentage of total XP
 D = Non-vault monster count
 E = Vault monster count
 F = Vault count percentage of total count
                 A         B        C        D         E       F
            +---------+---------+-------+---------+---------+-------
      Total |      34 |       0 |   0.0 |      18 |       0 |   0.0
            +---------+---------+-------+---------+---------+-------
        D:1 |      34 |       0 |   0.0 |      18 |       0 |   0.0
            +---------+---------+-------+---------+---------+-------
